[Event "Early-Titled-Tuesday-Blitz-February-27-2024"]
[Site "Chess.com"]
[Date "2024.02.27"]
[Round "11"]
[White "Natalya_Buksa"]
[Black "Mikhail_Bryakin"]
[Result "1/2-1/2"]
[WhiteElo "2622"]
[BlackElo "2739"]
[TimeControl "180+1"]
[EndTime "10:07:20 PST"]
[Termination "Game drawn by repetition"]

1. d4 f5 2. Nc3 d5 3. Bg5 Nf6 4.
Bxf6 exf6 5. e3 c6 6. Bd3 Bd6 7. Nge2 Be6 8. a3 Qd7 9. h4 h5 10. g3 g6 11. Nf4 Bf7 12. Qf3 Na6 13. Bxa6 bxa6 14. Qe2 Qb7 15. b3 O-O 16. Nd3 Rfe8 17.
Na4 Qb5 18. Qd2 Rab8 19. Nac5 Re7 20. a4 Qb6 21. a5 Qb5 22. Ra4 Rbe8 23. Kd1 g5 24.
hxg5 fxg5 25. Kc1 Bg6 26. Kb2 Kh7 27. Rha1 Qb8 28. Nxa6 Qc8 29. Nac5 Kg7 30. a6 Rh8 31. Rb4 h4 32. gxh4 gxh4 33. Rb7 Qe8 34. Ne6+ Kf6 35. Rxe7 Qxe7 36. Nef4 Bf7 37. Rh1 Qe4 38. Rh3 Qe8 39.
Qe1 Qg8 40. Qh1 Qg4 41. Rh2 Qg5 42. Rg2 Qh6 43. Qh3 Bc7 44. Ne2 Qh7 45. f4 Bd8 46. Ne5 Be8 47. Ng1 Ke6 48. Ngf3 Kd6 49. Ng5 Qh5 50. Qxf5 Rh6 51. Ngf7+ Ke7 52. Nxh6 Qxh6 53.
Ng6+ Kd6 54. Ne5 Kc7 55. Rh2 Be7 56. Nf3 Qd6 57. Nxh4 Qa3+ 58. Kb1 Bb4 59. Qe5+ Kb6 60. Qb8+ Kxa6 61. Qc8+ Kb6 62. Qb8+ Ka6 63. c3 Qxb3+ 64.
Rb2 Qd1+ 65. Ka2 Qa4+ 66. Kb1 Qd1+ 67. Ka2 Qa4+ 68. Kb1 Qd1+ 1/2-1/2

[Event "Early-Titled-Tuesday-Blitz-February-27-2024"]
[Site "Chess.com"]
[Date "2024.02.27"]
[Round "11"]
[White "kai_nov"]
[Black "MikeSailer"]
[Result "1-0"]
[WhiteElo "2328"]
[BlackElo "2176"]
[TimeControl "180+1"]
[EndTime "10:07:21 PST"]
[Termination "kai_nov won on time"]

1. e4 d5 2. exd5 Qxd5 3. Nc3 Qd6 4. Nf3 c6 5. d4 Bg4 6. Be2 Nf6 7. h3 Bxf3 8. Bxf3 e6 9. O-O Nbd7 10. Bg5 Qc7 11. Re1 Bd6 12. d5 Nxd5 13. Bxd5 cxd5 14. Nxd5 Qc5 15.
b4 Qc6 16. Ne3 O-O 17. b5 Qc5 18. Bh4 Nb6 19. a4 Bf4 20. Qf3 Bxe3 21. Qxe3 Qxc2 22. Qg3 Nd5 23. Re5 Rac8 24. Rg5 g6 25. Re1 Qc3 26. Rge5 Qxg3 27. Bxg3 Rc4 28. a5 Rfc8 29. Rb1 Rc1+ 30. Rxc1 Rxc1+ 31. Kh2 Rc5 32. b6 axb6 33. axb6 Rb5 34.
Re4 Rxb6 35. Rc4 Rc6 36. Rd4 b5 37. Be5 Rc4 38. Rd2 b4 39. Ra2 Rc8 40. Rb2 h6 41. Bd6 Rc4 42. Be5 g5 43. Ra2 Kh7 44. Ra8 Kg6 45. g4 f6 46. Bg3 e5 47. Rg8+ Kf7 48.
Rd8 Nf4 49. Bxf4 exf4 50. Rd7+ Ke6 51. Rb7 Ke5 52. Kg2 f5 53. Rb5+ Ke4 54. gxf5 f3+ 55. Kg3 h5 56. f6 Rc6 57. Rxb4+ Kf5 58. f7 Rf6 59. Rb5+ Kg6 60. Rb6 Kxf7 61. Rxf6+ Kxf6 62. Kxf3 Kf5 63. Kg3 h4+ 64. Kf3 1-0

[Event "Early-Titled-Tuesday-Blitz-February-27-2024"]
[Site "Chess.com"]
[Date "2024.02.27"]
[Round "11"]
[White "maroro07"]
[Black "IngOscarArdila"]
[Result "0-1"]
[WhiteElo "2390"]
[BlackElo "2286"]
[TimeControl "180+1"]
[EndTime "10:07:22 PST"]
[Termination "IngOscarArdila won on time"]

1. d4 Nf6 2. c4 g6 3. Nc3 Bg7 4. e4 d6 5. h3 O-O 6. Be3 Nbd7 7. Nge2 e5 8. d5 Nc5 9. f3 a5 10. g4 h5 11. Qd2 c6 12. Rg1 cxd5 13. cxd5 Bd7 14.
Ng3 h4 15. Nf5 Ne8 16. Bg5 f6 17. Nxg7 Kxg7 18. Bxh4 Rh8 19. Bf2 b5 20. g5 b4 21.
gxf6+ Qxf6 22. Ne2 Qxf3 23. Bxc5 dxc5 24. Qg5 Qf6 25. Rc1 Qxg5 26. Rxg5 Kf6 27. Rg3 Rc8 28. Ng1 Nd6 29. Bg2 c4 30. Kd2 Rh4 31. Rf1+ Rf4 32. Re3 Rxf1 33. Bxf1 Ke7 34. Nf3 Nf7 35. Nh4 Rg8 36.
Rg3 Kf6 37. Rf3+ Kg7 38. Bxc4 Nd6 39. Bd3 g5 40. Nf5+ Bxf5 41. exf5 Kf6 42. Re3 Rh8 43. Be4 Rh4 44. Kd3 Rf4 45. Bg2 Rd4+ 46. Kc2 Nxf5 47.
Re1 Rf4 48. Be4 Rf2+ 49. Kb3 Nd4+ 50. Ka4 Rxb2 51. Kxa5 Rxa2+ 52. Kxb4 Rh2 53. Rf1+ Ke7 54.
Kc5 Rxh3 55. d6+ Kd8 56. Rf8+ Kd7 57. Rf7+ Ke8 58. Bg6 Rc3+ 59. Kd5 Nb5 60. Re7+ Kf8 61. Re8+ Kg7 62. d7 Rd3+ 63. Kc6 Rxd7 64. Kxd7 Kxg6 65. Rxe5 Nd4 66. Rd5 Nf5 67. Ke6 Ng7+ 68. Ke5 Kh5 69. Rd7 Ne8 0-1

[Event "Early-Titled-Tuesday-Blitz-February-27-2024"]
[Site "Chess.com"]
[Date "2024.02.27"]
[Round "11"]
[White "wild3000"]
[Black "ACollins05"]
[Result "1/2-1/2"]
[WhiteElo "2466"]
[BlackElo "2577"]
[TimeControl "180+1"]
[EndTime "10:07:25 PST"]
[Termination "Game drawn - insufficient material"]

1. a3 b5 2. e4 a6 3. Nf3 Bb7 4. Nc3 e6 5. d4 Nf6 6. Bd3 c5 7.
e5 Nd5 8. Ne4 d6 9. exd6 cxd4 10. Nxd4 Bxd6 11. Bg5 Be7 12. Bxe7 Qxe7 13. O-O Nf4 14. Qg4 Nxd3 15. cxd3 f5 16. Nd6+ Qxd6 17. Qxg7 Rf8 18. Qxb7 Qd5 19. Qb6 Rf6 20. Rfe1 Kf7 21. Nf3 Nd7 22. Qc7 Ke7 23. Rac1 Qd6 24. Qb7 Rb8 25. Qa7 Qb6 26. Rc7 Qxa7 27. Rxa7 Rb6 28.
Ne5 Rd6 29. Nxd7 Rxd7 30. Rxa6 Rxd3 31. Rb6 Rd5 32. g3 f4 33. g4 f3 34. h3 h5 35.
Kh2 hxg4 36. hxg4 Rd2 37. Kg3 Rxb2 38. Rh1 Kf7 39. a4 b4 40. a5 Kg6 41. a6 Ra2 42.
Rb1 e5 43. R1xb4 Rxa6 44. Rxa6 Rxa6 45. Kxf3 Kf6 46. Kg3 Rd6 47. Rb3 Ra6 48. Rf3+ Kg6 49. Rf8 Ra3+ 50. f3 Ra1 51. Re8 Ra5 52. Re6+ Kf7 53.
Rb6 Rc5 54. g5 Kg7 55. Kg4 Rc3 56. Re6 Re3 57. Rf6 Ra3 58. Kh5 Re3 59. Kg4 Ra3 60. Rb6 Re3 61. Rb7+ Kg6 62. Rb6+ Kg7 63. Kf5 Rxf3+ 64.
Kxe5 Rf1 65. Rc6 Rf2 66. Rc4 Kg6 67. Rg4 Rf1 68. Rg3 Re1+ 69. Kd4 Re8 70. Kd5 Re2 71. Kd4 Re1 72. Kd3 Re5 73. Kd4 Rf5 74. Ke4 Rf8 75. Kd4 Rf4+ 76. Kd3 Rf1 77. Kd4 Rf5 78. Kd3 Rxg5 79. Rxg5+ Kxg5 1/2-1/2

[Event "Early-Titled-Tuesday-Blitz-February-27-2024"]
[Site "Chess.com"]
[Date "2024.02.27"]
[Round "11"]
[White "Sam_ChessMood"]
[Black "starworld123"]
[Result "1-0"]
[WhiteElo "2955"]
[BlackElo "2853"]
[TimeControl "180+1"]
[EndTime "10:07:26 PST"]
[Termination "Sam_ChessMood won by resignation"]

1. d4 d5 2. c4 e6 3. Nc3 a6 4.
cxd5 exd5 5. Nf3 Nf6 6. Bg5 Be6 7. e3 Nbd7 8. Bd3 h6 9. Bh4 g5 10. Bg3 Nh5 11. Be5 Ng7 12. Bg3 Nh5 13. Qc2 Nxg3 14. hxg3 Bg7 15. O-O-O c6 16. Kb1 Qe7 17. Bf5 O-O-O 18.
g4 Kb8 19. Ne2 Nf6 20. Ne5 c5 21. Bxe6 Qxe6 22. f3 Nd7 23. Nxd7+ Rxd7 24. dxc5 Qxe3 25. Ng3 Qe5 26. Nf5 Rc8 27. Rhe1 Qf6 28. Nxg7 Qxg7 29. Qf5 Rcd8 30. Qe5+ Qxe5 31. Rxe5 Kc7 32. Kc2 Kc6 33. b4 a5 34. a3 axb4 35. axb4 b6 36. cxb6 Kxb6 37.
Rd4 Kb5 38. Kb3 Rd6 39. Re7 R8d7 40. Re5 f6 41. Re8 Rc6 42. Rb8+ Rb6 43. Ra8 Ra6 44.
Rxa6 Kxa6 45. Kc3 Kb5 46. Rd2 Rc7+ 47. Kd4 Kxb4 48. Re2 Kb3 49. Kxd5 Kc3 50. Ke6 Rc6+ 51. Kf5 Kd3 52. Re6 Rc2 53. Kxf6 Rxg2 54. Kg7 Rg3 55. Kxh6 Rxf3 56. Kxg5 Rf8 57. Kh5 Rh8+ 58. Rh6 Rg8 59. g5 Ke4 60. Re6+ Kf5 61. Rf6+ Ke5 62. Kh6 Rh8+ 63.
Kg7 Rh5 64. g6 Rh2 65. Rf1 Rg2 66. Kh7 Rh2+ 67. Kg8 Ke6 68. g7 Ke7 69. Rf4 Rh1 70. Re4+ Kf6 71. Kf8 Ra1 72. g8=Q Ra8+ 73. Re8 Ra7 74.
Qe6+ 1-0

[Event "Early-Titled-Tuesday-Blitz-February-27-2024"]
[Site "Chess.com"]
[Date "2024.02.27"]
[Round "11"]
[White "1977Ivan"]
[Black "Kunalm64"]
[Result "1-0"]
[WhiteElo "2734"]
[BlackElo "2594"]
[TimeControl "180+1"]
[EndTime "10:07:27 PST"]
[Termination "1977Ivan won on time"]

1. d4 Nf6 2. Nf3 e6 3. Bg5 h6 4. Bh4 d6 5. Nbd2 g5 6. Bg3 Nh5 7. e4 Bg7 8. c3 Nd7 9. Nc4 Nb6 10. Ne3 Nd7 11. Nd2 Nxg3 12. hxg3 a6 13. Bd3 b5 14. a4 bxa4 15. f4 c5 16. Ndc4 O-O 17. e5 cxd4 18. cxd4 dxe5 19. fxe5 Rb8 20. Bc2 Nb6 21. Qd3 f5 22. exf6 Rxf6 23. Ne5 Nd5 24. Nc6 Qd6 25. Nxd5 exd5 26. Nxb8 Qxb8 27. O-O-O Bf5 28.
Qc3 Bxc2 29. Qxc2 Qb7 30. Kb1 a3 31. Ka2 axb2 32. Rb1 Qb4 33. Qb3 Qa5+ 34. Qa3 Qb5 35. Rxb2 Qc4+ 36. Qb3 Qxd4 37. Rd1 Qe4 38. Qxd5+ Qxd5+ 39. Rxd5 Kh7 40. Rc2 Kg6 41. Rd7 Rf7 42. Rxf7 Kxf7 43.
Rc6 h5 44. g4 hxg4 45. Rxa6 Be5 46. Kb3 g3 47. Kc4 Bf4 48. Kd5 Ke7 49. Ke4 Kd7 50. Kf5 Ke7 51. Re6+ Kf7 52. Re4 Kg7 53. Re7+ Kf8 54. Kf6 Kg8 55. Re8+ Kh7 56. Rc8 Be3 57. Rc7+ Kg8 58. Kg6 Kf8 59. Rf7+ Ke8 60. Rf5 Bf4 61. Kg7 Ke7 62. Rb5 Ke6 63. Kg6 Ke7 64. Rb4 Ke6 65.
Re4+ Kd5 66. Re8 Kd6 67. Kf5 Kd7 68. Re4 Bc1 69. Rg4 Ke7 70. Rxg3 Kf7 71. Rb3 Kg7 72.
Rb7+ Kg8 73. g4 1-0

[Event "Early-Titled-Tuesday-Blitz-February-27-2024"]
[Site "Chess.com"]
[Date "2024.02.27"]
[Round "11"]
[White "blitzking1729"]
[Black "Rud_Makarian"]
[Result "0-1"]
[WhiteElo "2750"]
[BlackElo "3088"]
[TimeControl "180+1"]
[EndTime "10:07:29 PST"]
[Termination "Rud_Makarian won by checkmate"]

1. c4 e6 2. Nf3 d5 3. e3 Nf6 4.
Nc3 dxc4 5. Bxc4 a6 6. d4 b5 7. Bb3 c5 8. O-O Bb7 9. dxc5 Qxd1 10. Rxd1 Bxc5 11. a4 b4 12. Ne2 O-O 13. Bd2 Nbd7 14. Rac1 Rac8 15. Ned4 a5 16. Be1 Rfd8 17. h3 h6 18. Bc4 Be7 19. Bb5 Nc5 20. Ne5 Rc7 21. Ndc6 Rxd1 22. Rxd1 Bxc6 23. Nxc6 Nb7 24. f3 Bc5 25.
Bf2 Nd5 26. e4 Nb6 27. Bxc5 Nxc5 28. Nxa5 Nbxa4 29. Rd2 Nb6 30. Nc6 b3 31. Rd8+ Kh7 32. Kf2 g5 33. Ke3 Nca4 34. Rd2 Nxb2 35. Rxb2 Rxc6 36. Rxb3 Rc7 37. Bd3 Nd7 38. Ra3 Kg7 39. g3 Rc1 40. f4 Rh1 41. Ra7 Nf6 42. Bc4 Re1+ 43. Kf3 Rxe4 44. Bd3 Rd4 45. Bc2 gxf4 46.
gxf4 Rc4 47. Bb1 Rb4 48. Ba2 Re4 49. f5 exf5 50. Rxf7+ Kg6 51. Ra7 Rd4 52. Ra6 Kg5 53.
Ra5 Rd3+ 54. Kg2 Kf4 55. Bb1 Rd2+ 56. Kf1 Rd1+ 57. Ke2 Rxb1 58. Ra4+ Ne4 59. Ra3 Rh1 60. Ra6 Rh2+ 61. Kf1 Rxh3 62. Kg1 h5 63. Kg2 Rg3+ 64. Kh2 h4 65. Ra1 Ng5 66. Rf1+ Nf3+ 67. Kh1 Rh3+ 68.
Kg2 Rh2# 0-1

[Event "Early-Titled-Tuesday-Blitz-February-27-2024"]
[Site "Chess.com"]
[Date "2024.02.27"]
[Round "11"]
[White "PLAYER_2006_M"]
[Black "Hikaru"]
[Result "0-1"]
[WhiteElo "3018"]
[BlackElo "3235"]
[TimeControl "180+1"]
[EndTime "10:07:32 PST"]
[Termination "Hikaru won on time"]

1. e4 d5 2. exd5 Qxd5 3. Nc3 Qa5 4. d4 c6 5. Nf3 Bf5 6. Ne5 e6 7. Nc4 Qd8 8. Be2 Nf6 9. O-O Nbd7 10. Bf4 Nb6 11. Bg3 Be7 12. Ne3 Bg6 13. Bf3 O-O 14. Ne2 h6 15. c3 Bd6 16. Bxd6 Qxd6 17. a4 a5 18. Qb3 Qc7 19. Rfd1 Rfd8 20. Ng3 Rd7 21.
Ngf1 Rad8 22. h3 h5 23. Nc4 Nxc4 24. Qxc4 h4 25. Ne3 Nh7 26. Qe2 Nf6 27. Nc4 Bh7 28. Ne5 Rd6 29. Qe3 Nd5 30. Bxd5 exd5 31. Re1 f6 32.
Nf3 g5 33. Nd2 R6d7 34. f4 Qxf4 35. Qxf4 gxf4 36. Rf1 Re8 37. Rxf4 Re2 38. Rf2 Rde7 39. Nf3 Bd3 40. Rxe2 Rxe2 41. b4 axb4 42. cxb4 Rb2 43. b5 cxb5 44. axb5 Rxb5 45. Kf2 Rb2+ 46. Ke3 Be4 47.
Nxh4 Kf7 48. Kf4 Ke6 49. g4 Rb3 50. g5 Rxh3 51. Kg4 Rd3 52. gxf6 Kxf6 53. Rf1+ Ke6 54. Rb1 Rxd4 55. Rxb7 Ra4 56. Kf4 Kd6 57. Rb6+ Kc5 58. Rb8 Kd4 59. Rd8 Ra1 60. Rd7 Rf1+ 61. Kg4 Kc4 62. Re7 Kd3 63. Rd7 d4 64. Kg3 Ke3 65. Re7 Rg1+ 66. Kh2 Rg5 67. Rd7 d3 68. Ra7 d2 69.
Ra3+ Ke2 70. Ra2 Ke1 0-1

[Event "Early-Titled-Tuesday-Blitz-February-27-2024"]
[Site "Chess.com"]
[Date "2024.02.27"]
[Round "11"]
[White "HajiyevKanan"]
[Black "falzehope0"]
[Result "1-0"]
[WhiteElo "2511"]
[BlackElo "2347"]
[TimeControl "180+1"]
[EndTime "10:07:32 PST"]
[Termination "HajiyevKanan won by resignation"]

1. d4 e6 2. Nf3 d5 3. c4 c6 4. cxd5 exd5 5. Nc3 f5 6. Bg5 Be7 7. h4 Nf6 8. Qc2 O-O 9. e3 Ne4 10. Bf4 Nd7 11. Bd3 Bf6 12. O-O-O a5 13. Kb1 a4 14. h5 a3 15. b3 Nb8 16. h6 g6 17.
Ne5 Na6 18. Bxa6 Rxa6 19. f3 Ng5 20. Bxg5 Bxg5 21. f4 Bf6 22. Na4 Qd6 23. Qc5 Qd8 24. Rc1 b5 25. Nc3 Bd7 26. Qd6 Be8 27. Qe6+ Bf7 28. Nxf7 Rxf7 29. Nxb5 Qd7 30. Qxd7 Rxd7 31. Nc3 Re7 32. Rh3 Ra8 33. Kc2 Rae8 34. Kd3 Ra8 35. Na4 Re6 36. Rc3 Kf7 37. Rh1 Rae8 38. Re1 g5 39. g3 Kg6 40. Nc5 Rd6 41. Rh1 Re7 42. b4 Bh8 43. Rxa3 Bf6 44. Ra6 Bh8 45.
b5 Bf6 46. bxc6 Re8 47. c7 Rxa6 48. Nxa6 Rc8 49. Rb1 gxf4 50. gxf4 Kxh6 51. Rb8 Rxc7 52. Nxc7 Kg6 53. Rb6 Kf7 54. Nxd5 Bd8 55. Rh6 Kg7 56. Rh5 Kg6 57. Rh3 h5 58. a4 h4 59. Nc3 Kh5 60. Nd1 Kg4 61. Nf2+ Kh5 62. d5 Ba5 63. d6 Bd8 64. d7 Ba5 65. e4 fxe4+ 66. Kxe4 Bd8 67. Kf3 Bc7 68. Ne4 Bd8 69. Ng5 Kg6 70. Kg4 Kf6 71. Rxh4 Ke7 72. Rh7+ Kd6 73. Rf7 Bc7 74.
Kf5 Bd8 75. Rh7 Bc7 76. Ke4 Bd8 77. Nf7+ Kxd7 78. Nxd8+ Kxd8 79. Kd5 Ke8 80. Ke6 Kd8 81. f5 Kc8 82. f6 Kb8 83. Re7 Kc8 84. f7 1-0

[Event "Early-Titled-Tuesday-Blitz-February-27-2024"]
[Site "Chess.com"]
[Date "2024.02.27"]
[Round "11"]
[White "maurovargas01"]
[Black "deepfear"]
[Result "0-1"]
[WhiteElo "1851"]
[BlackElo "1970"]
[TimeControl "180+1"]
[EndTime "10:07:32 PST"]
[Termination "deepfear won on time"]

1. e4 c5 2. Nc3 g6 3. f4 Bg7 4. Nf3 e6 5. d3 Ne7 6. Nb5 d6 7. Nc3 O-O 8. g4 f5 9. g5 Nbc6 10.
Ne2 fxe4 11. dxe4 d5 12. exd5 exd5 13. Ng3 Nf5 14. Nxf5 Bxf5 15. Bg2 Re8+ 16. Kf2 Bg4 17. c3 d4 18. Re1 dxc3 19. Rxe8+ Qxe8 20. bxc3 Rd8 21. Qb3+ Kh8 22. Be3 b6 23. Re1 Na5 24. Qc2 Qd7 25.
Ne5 Bxe5 26. fxe5 Nc4 27. Bf4 Rf8 28. Kg3 Qf7 29. Qe4 Be6 30. Rf1 Qd7 31. Bf3 b5 32. Rd1 Qf7 33. a4 Bf5 34. Qd5 Qxd5 35. Rxd5 Nb2 36. axb5 Nd3 37. Be3 Ne1 38. Rxc5 Nxf3 39. Kxf3 Be6+ 40. Kg3 Rb8 41. Bd4 Bf5 42. e6+ Kg8 43. e7 Re8 44. Rc7 Be6 45. Rxa7 Kf7 46.
Bf6 Bc4 47. Rd7 Bxb5 48. Rd8 Ba4 49. c4 Bb3 50. c5 Ba4 51. Rxe8 Kxe8 52. Kf4 Bc6 53. Ke5 Kd7 54. Kd4 Ba4 55. Ke5 Bc6 56. Kd4 Ba4 57. h3 Bc6 58. h4 Ba4 59. Ke5 Bc6 60. Kf4 Ba4 61. Kg4 Ke6 62. Kf4 Be8 63. Ke3 Kd5 0-1

[Event "Early-Titled-Tuesday-Blitz-February-27-2024"]
[Site "Chess.com"]
[Date "2024.02.27"]
[Round "11"]
[White "vladgoncharov"]
[Black "ilqar_74"]
[Result "0-1"]
[WhiteElo "2652"]
[BlackElo "2825"]
[TimeControl "180+1"]
[EndTime "10:07:35 PST"]
[Termination "ilqar_74 won by checkmate"]

1. d4 Nf6 2. c4 e6 3. Nc3 d5 4. cxd5 exd5 5. Bg5 Bb4 6. Qa4+ Nc6 7. e3 h6 8. Bh4 g5 9. Bg3 Ne4 10. Qc2 h5 11.
Bd3 h4 12. Bxe4 hxg3 13. Nf3 dxe4 14. Qxe4+ Qe7 15. Nxg5 Rxh2 16. Rxh2 gxh2 17. Ke2 Qxe4 18. Ngxe4 Bxc3 19. bxc3 Bf5 20. Ng3 Bg6 21. Rh1 Ke7 22.
Rxh2 b5 23. f4 f5 24. Kd2 Na5 25. e4 Nc4+ 26. Ke2 fxe4 27. f5 Bf7 28. Nxe4 Nd6 29.
Nxd6 cxd6 30. a3 Rc8 31. Rh3 Rg8 32. Kf3 Bd5+ 33. Kf4 Rxg2 34. Rh7+ Bf7 35. Rh8 Ra2 36.
Rb8 a6 37. Rb7+ Kf6 38. Rd7 Rxa3 39. Rxd6+ Ke7 40. Ke5 Rxc3 41. f6+ Ke8 42. Rxa6 Re3+ 43. Kf4 Rd3 44. Ke5 Re3+ 45. Kf4 Rh3 46. Ra7 Rh5 47.
Re7+ Kf8 48. Rb7 Be6 49. Re7 Rf5+ 50. Ke4 Rxf6 51. Rb7 Rf5 52. Rb8+ Kf7 53. Rb7+ Kf6 54. Rb6 Rh5 55. Kd3 Ke7 56. Kc3 Bc4 57. Kb4 Rd5 58.
Rb7+ Kd6 59. Rb6+ Kc7 60. Rh6 Rxd4 61. Kc5 Rd5+ 62. Kb4 Rd6 63. Rh5 Kc6 64. Rh4 Kb6 65. Rg4 Rc6 66. Rh4 Be2 67. Ka3 Rc3+ 68. Kb2 Re3 69.
Rh8 Ka5 70. Rh4 Bc4 71. Rh2 Kb4 72. Rh8 Rb3+ 73. Kc2 Rg3 74. Kb2 Rg2+ 75. Kc1 Kc3 76.
Rh3+ Bd3 77. Rh1 b4 78. Rd1 Rc2+ 79. Kb1 Rd2+ 80. Ka1 Rxd1+ 81. Ka2 b3+ 82. Ka3 Ra1# 0-1

[Event "Early-Titled-Tuesday-Blitz-February-27-2024"]
[Site "Chess.com"]
[Date "2024.02.27"]
[Round "11"]
[White "Viacheslav92"]
[Black "lagunanivaria"]
[Result "1/2-1/2"]
[WhiteElo "2530"]
[BlackElo "2436"]
[TimeControl "180+1"]
[EndTime "10:07:35 PST"]
[Termination "Game drawn by 50-move rule"]

1. e4 e5 2. Nf3 Nc6 3. Bc4 Nf6 4. d4 exd4 5. O-O Nxe4 6. Re1 d5 7. Bxd5 Qxd5 8. Nc3 Qh5 9. Nxe4 Be6 10. Bg5 Bd6 11.
Nxd6+ cxd6 12. Bf4 Qd5 13. c3 O-O 14. Nxd4 Nxd4 15.
Qxd4 Qxd4 16. cxd4 d5 17. Rac1 Rac8 18. f3 Rxc1 19. Rxc1 Rc8 20. Rxc8+ Bxc8 21. Kf2 Kf8 22. Bd6+ Ke8 23. Ke3 Kd7 24. Bf8 g6 25. Kf4 h5 26.
Ke5 Kc6 27. h3 Be6 28. g4 Kd7 29. Kf6 hxg4 30. fxg4 Ke8 31. Bc5 b6 32. Bb4 Bd7 33.
Ke5 Bb5 34. Kxd5 Bf1 35. h4 Be2 36. g5 Kd7 37. Ke5 Bc4 38. a3 a6 39. d5 Ba2 40.
Bf8 Bb3 41. Bb4 Ba2 42. Bd2 a5 43. Be1 a4 44. Bf2 b5 45. Kd4 Bc4 46. Kc5 Be2 47. Bd4 Bf1 48. Bc3 Be2 49. Kd4 Bf1 50. Ke5 Bc4 51.
Bb4 Bb3 52. Bf8 Bc4 53. Bg7 Bb3 54. Kd4 Bd1 55. Kc5 Be2 56. Be5 Bf1 57. Kb4 Be2 58. b3 axb3 59. Kxb3 Bf1 60. Kb4 Be2 61.
Kc5 Bf1 62. Bf4 Be2 63. Bd2 Bf1 64. Bb4 Be2 65. Kd4 Bf1 66. Ke5 Bc4 67. Ke4 Bf1 68.
Kd4 Be2 69. Bc5 Bf1 70. Ke5 Bc4 71. Ke4 Bf1 72. Kd4 Be2 73. Kc3 Bf1 74. Kb4 Be2 75. Kc3 Bf1 76. Kd2 Bc4 77. d6 Bd5 78. Bb4 Bc4 79.
Ke3 Bd5 80. Kd4 Bg2 81. Ke5 Bf1 82. Kd4 Be2 83. Ke4 Bf1 84. Ke5 Be2 85. Kd4 Bf1 86. Kc3 Be2 87. Kd2 Bf1 88. Ke3 Bc4 89. Kf4 Bd3 90.
Kg4 Be2+ 91. Kg3 Bc4 92. Kf3 Bd5+ 93. Ke3 Bg2 94. Bc5 Kc6 95. Kd4 Kd7 96. Ke5 Bf1 97. Kd4 Be2 98. Ke4 Bf1 99. Ke5 Bc4 100. Kf6 Bb3 101. Kg7 Bc4 102. Kh6 Be2 103. Kh7 Bf3 104. Kg8 Bd5 105. Kg7 Bc4 106. Kf6 Bd5 107. Ke5 Bc4 108. Kd4 Bf1 109. Bb4 Be2 110. Kc5 Bf1 111. Kb6 Be2 112. Kc5 Bf1 113. Kd5 Be2 114. Ke5 Bf1 115. Kf4 Bc4 116. Kg4 Be2+ 117. Kg3 Bc4 118. Kf2 Bd5 119. Ke1 Bc4 120. Kd1 Bd5 121. Kc1 Bc4 122. Kb2 Bf1 123. Kc3 Be2 124. Bc5 Bf1 125. Bd4 Be2 126. Be5 Bf1 127. Kd4 1/2-1/2

[Event "Early-Titled-Tuesday-Blitz-February-27-2024"]
[Site "Chess.com"]
[Date "2024.02.27"]
[Round "11"]
[White "noblerone"]
[Black "Chesstiger64"]
[Result "1/2-1/2"]
[WhiteElo "2487"]
[BlackElo "2368"]
[TimeControl "180+1"]
[EndTime "10:07:37 PST"]
[Termination "Game drawn by stalemate"]

1. d4 e6 2. c4 c5 3. Nc3 cxd4 4. Qxd4 Nc6 5. Qd1 Bb4 6. Bd2 d5 7. cxd5 exd5 8. e3 Nf6 9. Nf3 O-O 10. Be2 Re8 11. O-O a6 12. a3 Ba5 13. Rc1 Bc7 14. Na4 Bg4 15. Nc5 b5 16. Nb3 Qd6 17. g3 Bxf3 18.
Bxf3 Ne5 19. Bc3 Nxf3+ 20. Qxf3 Ne4 21. Bd4 a5 22. Rfd1 a4 23. Nd2 Bb6 24. Nxe4 dxe4 25. Qg4 Bxd4 26. Rxd4 Qe6 27. Qxe6 Rxe6 28. Rc5 Rb8 29.
Rxb5 Rc8 30. Rbb4 g5 31. Rbc4 Rb8 32. Rxe4 Rxe4 33. Rxe4 Rxb2 34. Rxa4 Ra2 35. g4 Kg7 36. Kg2 Kg6 37. Kf3 f6 38. Ra6 Ra1 39. e4 Kg7 40. Ra8 Rh1 41. Kg2 Re1 42. f3 Re2+ 43. Kg3 Ra2 44. h4 h6 45. h5 Ra1 46. f4 gxf4+ 47.
Kxf4 Rf1+ 48. Ke3 Rg1 49. Kf3 Rf1+ 50. Ke3 Rg1 51. a4 Rxg4 52. a5 Rg5 53. a6 Rxh5 54. Kd4 Ra5 55. Kc4 h5 56. Kb4 Ra1 57. Kb5 h4 58.
Rc8 Kg6 59. Rc2 Kg5 60. Kb6 Kf4 61. Rf2+ Kxe4 62. Rxf6 h3 63. Rh6 Ra3 64. a7 Kf4 65.
Rxh3 Rxh3 66. a8=Q Rb3+ 67. Kc5 Re3 68. Kd4 Rf3 69.
Qe8 Kg4 70. Qg6+ Kf4 71. Qe4+ Kg3 72. Qe5+ Kg4 73. Ke4 Rf2 74. Qg7+ Kh3 75. Ke3 Rf1 76.
Qg6 Kh2 77. Ke2 Rg1 78. Qh5+ Kg2 79. Qg5+ Kh2 80. Qh4+ Kg2 81. Qg4+ Kh2 82. Qf4+ Kh3 83. Kf2 Rf1+ 84. Kxf1 1/2-1/2

[Event "Early-Titled-Tuesday-Blitz-February-27-2024"]
[Site "Chess.com"]
[Date "2024.02.27"]
[Round "11"]
[White "Brave_spirit12"]
[Black "ValeriyGrinev"]
[Result "1-0"]
[WhiteElo "2706"]
[BlackElo "2584"]
[TimeControl "180+1"]
[EndTime "10:07:43 PST"]
[Termination "Brave_spirit12 won by resignation"]

1. e4 c5 2. c3 Nf6 3. e5 Nd5 4. d4 cxd4 5. Nf3 d6 6. Bc4 e6 7. cxd4 Be7 8. O-O O-O 9. Qe2 b6 10. Nbd2 Bb7 11. Ne4 dxe5 12. dxe5 Nd7 13. Nd6 Bxd6 14. exd6 Rc8 15. Bg5 N7f6 16. Bxd5 Bxd5 17. Ne5 Qxd6 18. Bxf6 gxf6 19. Ng4 Qf4 20. Ne3 Bb7 21. Rac1 f5 22. Qh5 Kg7 23. Rcd1 Rfd8 24. h3 h6 25. Qe2 Qa4 26. b3 Qe4 27. f3 Qe5 28. Qf2 Kh7 29. Nc4 Qf4 30. Rfe1 Ba6 31. Ne3 Bd3 32. Rd2 Bb5 33. Red1 Rxd2 34. Rxd2 Rc1+ 35. Nd1 Qe5 36. f4 Qa1 37. Qf3 Bc6 38. Qh5 Kg7 39.
Kh2 Qf6 40. Rd3 Rc2 41. Rg3+ Kf8 42. Ne3 Rxa2 43. Qd1 Ke7 44. Rg8 Be8 45. Nc4 e5 46.
fxe5 Qc6 47. Nd6 Bd7 48. Nxf5+ Bxf5 49. Qd8+ Ke6 50. Re8+ Qxe8 51. Qxe8+ Kd5 52. Qxf7+ Kxe5 53. Qg7+ Ke6 54. Qxh6+ Ke5 55. Qe3+ Be4 56. Qg3+ Kd5 57. Qg5+ Kd4 58. Qf6+ Ke3 59. Qg5+ Kd4 60. Qg7+ Ke3 61. Qh6+ Kd4 62. Qd6+ Ke3 63. Qg3+ Kd4 64. Qg7+ Kd3 65.
Qd7+ Kc3 66. Qc7+ Kd4 67. h4 Rxg2+ 68. Kh3 Rc2 69. Qd6+ Bd5 70. h5 Rc3+ 71. Kh4 Rxb3 72. Qf4+ Kc5 73. h6 Rb4 74. Qxb4+ Kxb4 75. h7 Bc4 76. h8=Q a5 77. Qb2+ Kc5 78. Kg3 b5 79. Kf4 b4 80. Ke5 a4 81. Qd4+ Kb5 82. Kd6 a3 83.
Qc5+ Ka4 84. Qxc4 a2 85. Qxa2+ 1-0

[Event "Early-Titled-Tuesday-Blitz-February-27-2024"]
[Site "Chess.com"]
[Date "2024.02.27"]
[Round "11"]
[White "Njal28"]
[Black "HansOnTwitch"]
[Result "1/2-1/2"]
[WhiteElo "3022"]
[BlackElo "3160"]
[TimeControl "180+1"]
[EndTime "10:07:45 PST"]
[Termination "Game drawn by stalemate"]

1. d4 Nf6 2. c4 c6 3. Nf3 d5 4. Nc3 a6 5. g3 dxc4 6. Bg2 b5 7. Ne5 e6 8. O-O Bb7 9. b3 cxb3 10. Qxb3 Be7 11.
Rd1 O-O 12. a4 b4 13. a5 Nbd7 14. Nd3 Rb8 15. Na4 Qxa5 16. Bf4 Qb5 17. Bxb8 Rxb8 18. Rdc1 a5 19. Nac5 Nxc5 20. Nxc5 Ba8 21. Bf1 Qb6 22. Qa4 Bd8 23. e3 h6 24. Nb3 Nd5 25. Qxa5 Qxa5 26.
Nxa5 Nc3 27. Nb3 c5 28. Nxc5 Be7 29. Nd3 Be4 30. Ra7 Bf8 31. Rc7 Bd6 32. Rd7 Bf8 33. Rc2 Bd5 34. Rb2 Be4 35. Ra7 b3 36. Nc5 Bc2 37. Ra3 Bxc5 38. dxc5 Nd1 39. Raa2 Nxb2 40.
Rxb2 Rc8 41. Bc4 Rxc5 42. Bxb3 Be4 43. Rd2 Rc1+ 44. Rd1 Rc3 45. Ba4 g5 46. h3 h5 47.
Bd7 Kg7 48. Ba4 Kf6 49. Rd4 Rc1+ 50. Rd1 Rc5 51. Bb3 Rc3 52. Ba4 h4 53. gxh4 gxh4 54.
Rd4 Ke5 55. Bd1 Rc1 56. f4+ Kf5 57. Kf2 Bd5 58. Bg4+ Kf6 59. e4 Rc2+ 60. Ke3 Bc4 61. e5+ Ke7 62. f5 exf5 63. Bxf5 Rc3+ 64. Kd2 Rf3 65.
Bg4 Rf2+ 66. Ke3 Rc2 67. Bf5 Rc1 68. Kd2 Rf1 69. Rxc4 Rxf5 70. Rxh4 Rxe5 71. Kd3 f5 72. Rh8 Kf6 73. h4 Kg7 74. Rh5 Kg6 75. Rg5+ Kf6 76. Rg8 Re1 77. Kd2 Rh1 78. Rh8 Ke5 79. Ke3 Rh3+ 80.
Kf2 Kf4 81. h5 Kg5 82. h6 Rxh6 83. Rxh6 Kxh6 84. Kg3 Kg5 85. Kf3 f4 86. Kf2 Kf5 87. Kf3 Ke5 88. Kf2 Ke4 89. Ke2 f3+ 90. Kf2 Kf4 91. Kf1 Kg4 92. Kf2 Kf4 93. Kf1 Ke3 94.
Ke1 f2+ 95. Kf1 Kf3 1/2-1/2